[Event "RUS-chT Rapid Men 2018"]
[Site "Sochi"]
[Date "2018.10.09"]
[Round "9"]
[White "Borisova, Ekaterina"]
[Black "Nuristani, Iman"]
[Result "1/2-1/2"]
[ECO "A46"]
[WhiteElo "2256"]
[BlackElo "2242"]
[Annotator "NA"]
[PlyCount "74"]
[EventDate "2018.10.05"]
[EventType "swiss"]
[EventCountry "RUS"]
[SourceTitle "playchess.com"]
[Source "ChessBase"]
[SourceQuality "1"]
[TimeControl "900+10"]

1. d4 Nf6 2. Nf3 e6 3. g3 b6 4. Bg2 Bb7 5. O-O Be7 6. c4 O-O 7. d5 exd5 8. Nh4 c6 9. cxd5 Nxd5 10. Nf5 Nc7 11. Nc3 d5 12. e4 Nd7 13. exd5 cxd5 14. Nxd5 Bxd5 15. Nxe7+ Qxe7 16. Bxd5 Nxd5 17. Qxd5 Nf6 18. Qf5 Rad8 19. Bg5 Rd6 20. Rfe1 Qd8 21. Rac1 h6 22. Bf4 Rd5 23. Qc2 Nh5 24. Be3 Qf6 25. Red1 Rfd8 26. Rxd5 Rxd5 27. Qe4 Qd8 28. Qc4 Qd6 29. Qe4 Qd7 30. Qc2 Qe7 31. Rd1 Qd7 32. Rxd5 Qxd5 33. Qc8+ Kh7 34. Qc2+ Kg8 35. Qc8+ Kh7 36. Qc2+ Kg8 37. Qc8+ Kh7 1/2-1/2

[Event "RUS-chT Rapid Men 2018"]
[Site "Sochi"]
[Date "2018.10.09"]
[Round "9"]
[White "Kretov, Evgenij"]
[Black "Lilyak, Arseniy"]
[Result "1-0"]
[ECO "E73"]
[WhiteElo "2219"]
[BlackElo "1509"]
[Annotator "NA"]
[PlyCount "71"]
[EventDate "2018.10.05"]
[EventType "swiss"]
[EventCountry "RUS"]
[SourceTitle "playchess.com"]
[Source "ChessBase"]
[SourceQuality "1"]
[TimeControl "900+10"]

1. d4 Nf6 2. c4 g6 3. Nc3 Bg7 4. e4 d6 5. Be2 O-O 6. Bg5 Nbd7 7. Qd2 e5 8. d5 Nc5 9. f3 c6 10. b4 Na6 11. a3 Nc7 12. dxc6 bxc6 13. Rd1 Nce8 14. h4 Qc7 15. g4 h5 16. Bxf6 Nxf6 17. gxh5 Nxh5 18. Qxd6 Qxd6 19. Rxd6 Ng3 20. Rh2 Nxe2 21. Ngxe2 Bb7 22. h5 gxh5 23. Ng3 Rfd8 24. Nf5 Rxd6 25. Nxd6 Bc8 26. Rxh5 Be6 27. c5 a5 28. b5 cxb5 29. Ncxb5 Rb8 30. c6 Bf8 31. Rxe5 Bxd6 32. Nxd6 Rb6 33. Rxe6 fxe6 34. c7 Rc6 35. c8=Q+ Rxc8 36. Nxc8 1-0

[Event "RUS-chT Rapid Men 2018"]
[Site "Sochi"]
[Date "2018.10.09"]
[Round "9"]
[White "Okun, Evgeny"]
[Black "Asatryan, Maria"]
[Result "1-0"]
[ECO "A00"]
[WhiteElo "2163"]
[BlackElo "1498"]
[Annotator "NA"]
[PlyCount "59"]
[EventDate "2018.10.05"]
[EventType "swiss"]
[EventCountry "RUS"]
[SourceTitle "playchess.com"]
[Source "ChessBase"]
[SourceQuality "1"]
[TimeControl "900+10"]

1. g3 c5 2. f4 d6 3. Nf3 Nf6 4. d3 g6 5. Nc3 Bg7 6. e4 Nc6 7. Bg2 O-O 8. O-O a6 9. h3 Qc7 10. g4 b5 11. g5 Nd7 12. Nd5 Qd8 13. c3 Bb7 14. Kh1 Nb6 15. Ne3 d5 16. Qe2 dxe4 17. dxe4 Qc7 18. Ng4 Rad8 19. f5 f6 20. Nh4 gxf5 21. Nxf5 Bc8 22. Nxg7 Kxg7 23. gxf6+ Kf7 24. fxe7+ Kxe7 25. Bg5+ Ke8 26. Rxf8+ Kxf8 27. Rf1+ Kg8 28. Nh6+ Kg7 29. Bf6+ Kxh6 30. Qe3+ 1-0

[Event "RUS-chT Rapid Men 2018"]
[Site "Sochi"]
[Date "2018.10.09"]
[Round "9"]
[White "Basiev, Valeriy P."]
[Black "Bocharov, Ivan"]
[Result "0-1"]
[ECO "C54"]
[WhiteElo "1990"]
[BlackElo "2563"]
[Annotator "ChessBase"]
[PlyCount "94"]
[EventDate "2018.10.05"]
[EventType "swiss"]
[EventCountry "RUS"]
[SourceTitle "playchess.com"]
[Source "ChessBase"]
[SourceQuality "1"]
[TimeControl "900+10"]

1. e4 e5 2. Nf3 Nc6 3. Bc4 Bc5 4. c3 Nf6 5. d3 O-O 6. O-O d6 7. h3 a5 8. a4 Be6 9. Qb3 Bxc4 10. Qxc4 Bb6 11. Be3 d5 12. exd5 Nxd5 13. Bxb6 Nxb6 14. Qe4 f5 15. Qe2 Qf6 16. Nbd2 Rad8 17. Rfd1 Rfe8 18. Nf1 Nd5 19. g3 Qg6 20. Kh2 Qh5 21. Nd4 Qg6 22. Nxc6 Qxc6 23. Ne3 Nxe3 24. Qxe3 Rd5 25. Qf3 Qd7 26. c4 Rd6 27. Qxb7 Rb6 28. Qa7 Rxb2 29. Kg1 f4 30. g4 h5 31. Qxa5 hxg4 32. Qc3 gxh3 33. Qxb2 Qg4+ 34. Kf1 h2 35. Qb7 e4 36. Qd5+ Kh8 37. Ke1 h1=Q+ 38. Kd2 e3+ 39. fxe3 fxe3+ 40. Kc2 Qxd5 41. cxd5 Rb8 42. Rh1+ Kg8 43. Rh2 Qb4 44. Rah1 Qxa4+ 45. Kc1 Qa1+ 46. Kc2 Rb2+ 47. Kc3 Rb1+ 0-1

[Event "RUS-chT Rapid Men 2018"]
[Site "Sochi"]
[Date "2018.10.09"]
[Round "9"]
[White "Zelenskaya, Anastasiya"]
[Black "Kostin, Alexey"]
[Result "0-1"]
[ECO "B42"]
[WhiteElo "1703"]
[BlackElo "2253"]
[Annotator "NA"]
[PlyCount "126"]
[EventDate "2018.10.05"]
[EventType "swiss"]
[EventCountry "RUS"]
[SourceTitle "playchess.com"]
[Source "ChessBase"]
[SourceQuality "1"]
[TimeControl "900+10"]

1. e4 c5 2. Nf3 e6 3. d4 cxd4 4. Nxd4 a6 5. Bd3 Bc5 6. Be3 Qb6 7. c3 Nc6 8. Qb3 Qxb3 9. axb3 Nxd4 10. Bxd4 Bxd4 11. cxd4 d6 12. Na3 Ke7 13. Nc4 Nf6 14. Nb6 Rb8 15. Rc1 Bd7 16. Rc7 Rhd8 17. Kd2 Ne8 18. Rc3 Bc6 19. d5 Bd7 20. Rhc1 e5 21. b4 g6 22. f3 f5 23. Nxd7 Rxd7 24. exf5 g5 25. g4 Nf6 26. Be4 h5 27. h3 Rh8 28. Rc8 Rh7 29. Ke3 hxg4 30. hxg4 Rh3 31. Rg1 Rh2 32. b3 Ne8 33. Rc3 Nc7 34. Rgc1 Nb5 35. Rd3 Nd4 36. Rxd4 exd4+ 37. Kxd4 Rb2 38. Kc3 Rh2 39. Kd4 Kd8 40. f4 Rh4 41. Rg1 Rg7 42. fxg5 Rxg5 43. Bf3 Rxf5 44. Ke4 Rf7 45. Ke3 Rh3 46. Rf1 Rg3 47. Ke2 Rf4 48. Rf2 Rxb4 49. Rh2 Rxb3 50. Rh8+ Kc7 51. Rh7+ Kb6 52. Rf7 a5 53. Kf2 Rbxf3+ 54. Rxf3 Rxg4 55. Rd3 a4 56. Ke2 Kc5 57. Rd1 b5 58. Ke3 a3 59. Ra1 b4 60. Rd1 a2 61. Kd2 Rd4+ 62. Kc2 Rxd1 63. Kb3 a1=Q 0-1